 Dungeon Crawl Stone Soup version 0.29.1-15-g9cfb28693d (webtiles) character file.

Game seed: 2642526050975825169

270 Artool the Trooper (level 6, -1/49 HPs)
             Began as a Demonspawn Fighter on Apr 6, 2023.
             Slain by a gnoll
             ... wielding a +0 whip
              (5 damage)
             ... on level 2 of the Dungeon.
             The game lasted 00:02:05 (2143 turns).

Artool the Trooper (Demonspawn Fighter)             Turns: 2143, Time: 00:02:06

Health: -1/49      AC:  7    Str: 18    XL:     6   Next: 1%
Magic:  6/6        EV:  5    Int:  9    God:
Gold:   53         SH:  0    Dex: 13    Spells: 5/5 levels left

rFire   . . .      SeeInvis .   a - +0 flail
rCold   . . .      Faith    .   c - +0 buckler
rNeg    . . .      Spirit   .   b - +0 scale mail
rPois   .          Reflect  +   (helmet restricted)
rElec   .          Harm     .   (no cloak)
rCorr   .          Rampage  .   (no gloves)
Will    .....                   (no boots)
Stlth   ..........              n - amulet of reflection
HPRegen 0.16/turn               (no ring)
MPRegen 0.10/turn               (no ring)

@: held
A: antennae 1, hooves 1, weakness stinger 2
a: no special abilities


You were on level 2 of the Dungeon.
You visited 1 branch of the dungeon, and saw 3 of its levels.

You collected 53 gold pieces.

Inventory:

Hand Weapons
 a - a +0 flail (weapon)
Armour
 b - a +0 scale mail (worn)
 c - a +0 buckler (worn)
Jewellery
 n - an amulet of reflection (around neck)
Scrolls
 f - a scroll of magic mapping {unknown}
 g - 2 scrolls of poison {unknown}
 i - a scroll of identify {unknown}
 j - a scroll of silence {unknown}
 k - a scroll of fear {unknown}
 l - a scroll of amnesia {unknown}
 m - 3 scrolls of teleportation {unknown}
 o - 3 scrolls of enchant armour {unknown}
Potions
 d - a potion of might
 e - a potion of attraction {unknown}
 h - a potion of brilliance {unknown}
 p - 2 potions of heal wounds {unknown}


   Skills:
 + Level 4.6 Fighting
 + Level 3.5 Maces & Flails
 + Level 4.1 Armour
 - Level 2.6 Shields


You had 5 spell levels left.
You didn't know any spells.
Your spell library contained the following spells:

 Spells                   Type           Power      Damage    Failure   Level
 Magic Dart               Conj           0%         1d3       86%         1
 Call Imp                 Summ           0%         N/A       94%         2
 Mephitic Cloud           Conj/Pois/Air  0%         N/A       99%         3


Dungeon Overview and Level Annotations

Branches:
Dungeon (3/15)

Altars:

Shops:
D:3 !


Innate Abilities, Weirdness & Mutations

You have a pair of small antennae on your head.
You have large cloven feet.
You have a tail ending in a sharp stinger.


Message History

You are too injured to fight recklessly!
You are too injured to fight recklessly!
You are too injured to fight recklessly!
You are too injured to fight recklessly!
You are too injured to fight recklessly!
You are too injured to fight recklessly!
You are too injured to fight recklessly!
You are too injured to fight recklessly!
You are too injured to fight recklessly!
You are too injured to fight recklessly!
You are too injured to fight recklessly!
You are too injured to fight recklessly!
You are too injured to fight recklessly!
Unknown command.
The gnoll closely misses you. The gnoll attacks as you move away!
The gnoll hits you with a +0 whip.
You closely miss the gnoll. The gnoll hits you with a +0 halberd!
* * * LOW HITPOINT WARNING * * *
You closely miss the gnoll. The gnoll hits you with a +0 halberd.
* * * LOW HITPOINT WARNING * * *
The gnoll hits you with a +0 halberd.
* * * LOW HITPOINT WARNING * * *
You barely miss the gnoll. The gnoll barely misses you.
You sock the gnoll! You kick the gnoll.
The gnoll is almost dead.
You block the gnoll's attack.
You closely miss the gnoll. You kick the gnoll.
You kill the gnoll!
You block the kobold's attack.
You have reached level 6!
Your demonic ancestry asserts itself...
Your tail grows a sharp stinger.
You sock the kobold!
You kill the kobold!
The gnoll throws a throwing net.
The throwing net hits you.
You become entangled in the net!
You struggle against the net.
Unknown command.
You tear a large gash into the net.
The gnoll hits you with a +0 whip.
You die...

####.............####
#<##.
#.........##........#
#.... #.##......#
#..#.##.######..##
#.###.....#
#..#...........###
#.........#
#..####.##########
########### #..# #.#
#. #..####.# #.
#.......# #.
#@####### #.
#g####### #.
#.).....# ..
#.#####.# ..# #.# ###
..# >.# #..# ##..


You could see a gnoll.

Vanquished Creatures
  Sigmund (D:2)
  2 gnolls (D:2)
  4 adders
  A dart slug (D:3)
  2 endoplasms (D:1)
  3 giant cockroaches (D:1)
  3 goblins
  4 hobgoblins
  2 jackals (D:1)
  3 quokkas
  9 ball pythons
  7 bats
  2 frilled lizards (D:1)
  3 kobolds
  6 rats
52 creatures vanquished.

Notes
Turn   | Place    | Note
-------+----------+-------------------------------------------
     0 | D:1      | Artool the Demonspawn Fighter began the quest for the Orb.
     0 | D:1      | Reached XP level 1. HP: 18/18 MP: 1/1
   161 | D:1      | Discovered your monstrous ancestry.
   161 | D:1      | Gained mutation: You have a small tail. [demonic ancestry]
   161 | D:1      | Reached XP level 2. HP: 24/24 MP: 2/2
   360 | D:1      | Found a faded altar of an unknown god.
   807 | D:1      | Reached XP level 3. HP: 16/29 MP: 3/3
  1198 | D:2      | You fall into a shaft and drop 1 floor!
  1238 | D:3      | Found Ywothrant's Distillery.
  1636 | D:3      | Gained mutation: You have a pair of small antennae on your
                  | head. [demonic ancestry]
  1636 | D:3      | Reached XP level 4. HP: 32/37 MP: 4/4
  1938 | D:2      | Noticed Sigmund
  1946 | D:2      | Killed Sigmund
  1947 | D:2      | Gained mutation: You have large cloven feet. [demonic
                  | ancestry]
  1947 | D:2      | Reached XP level 5. HP: 28/43 MP: 5/5
  2137 | D:2      | HP: 2/43 [gnoll/+0 halberd (4)]
  2141 | D:2      | Gained mutation: You have a tail ending in a sharp stinger.
                  | [demonic ancestry]
  2141 | D:2      | Reached XP level 6. HP: 3/49 MP: 6/6
  2143 | D:2      | Slain by a gnoll

Illustrated notes

Levels and vault maps discovered:
D:1:      psy_arrival_basics, layout_loops_cross,
          hellmonk_ecumenical_altar_zigzags, serial_bayou_crossing
D:2:      layout_loops_corners, chequers_big_river, grunt_decor_clamped,
          minmay_tromino_v4_b, uniq_sigmund
D:3:      kennysheep_the_goblin_king, layout_loops_corners, serial_shops,
          nicolae_square_shop

Skill      XL: |  1  2  3  4 |
---------------+-------------+-----
Maces & Flails | 2 3 |  3.5
Armour         | 3 4 |  4.1
Fighting       | 4 |  4.6
Shields        | |  2.6

Action                   |  1- 3 |  4- 6 || total
-------------------------+-------+-------++-------
Melee: Flail             |   100 |    43 ||   143
       Tailslap          |     9 |     7 ||    16
       Kick              |       |     6 ||     6
Armor: Scale mail        |    56 |    12 ||    68
Dodge: Dodged            |    53 |    21 ||    74
Block: Buckler           |    25 |    23 ||    48
